 Dungeon Crawl Stone Soup version 0.23.2-1-ga50397a6bc (webtiles) character file.

Game seed: 12015249251852596719

51 Mithandil the Skirmisher (level 3, -1/33 HPs)
             Began as a Ghoul Monk on May 30, 2019.
             Slain by a jackal (3 damage)
             ... on level 1 of the Dungeon.
             The game lasted 00:09:22 (710 turns).

Mithandil the Skirmisher (Ghoul Monk)                Turns: 710, Time: 00:09:22

Health: -1/33      AC:  5    Str: 14    XL:     3   Next: 81%
Magic:  2/2        EV: 12    Int:  5    God:
Gold:   79         SH:  0    Dex: 12    Spells: 2/2 levels left

rFire    . . .     SeeInvis .   a - +0 whip
rCold    + . .     Gourm    .   (no shield)
rNeg     + + +     Faith    .   m - +2 leather armour {rPois}
rPois    ∞         Spirit   .   (no helmet)
rElec    .         Reflect  .   (no cloak)
rCorr    .         Harm     .   (no gloves)
MR       .....                  (no boots)
Stlth    ++........             (no amulet)
HPRegen  0.00/turn              (no ring)
MPRegen  0.08/turn              (no ring)

@: rotting
A: rotting body, claws 1, carnivore, cold resistance 1, negative energy
resistance 3, inhibited regeneration, torment resistance, unbreathing
a: no special abilities


You were on level 1 of the Dungeon.
You were not hungry.

You visited 1 branch of the dungeon, and saw 2 of its levels.

You collected 79 gold pieces.

Inventory:

Hand Weapons
 a - a +0 whip (weapon)
Missiles
 c - 28 arrows
 e - 8 stones (quivered)
 i - 18 bolts
Armour
 k - a +1 ring mail of fire resistance
 m - a +2 leather armour of poison resistance (worn)
 n - a +0 robe
Scrolls
 j - a scroll of immolation {unknown}
 l - a scroll of remove curse {unknown}
Potions
 f - a potion of might {unknown}
 g - a potion of agility {unknown}
 h - a potion of lignification {unknown}
Comestibles
 b - 4 rations
 d - 2 chunks of flesh


   Skills:
 + Level 3.8 Fighting
 - Level 0.5 Armour
 + Level 3.2 Dodging
 + Level 3.0 Stealth
 + Level 3.6 Unarmed Combat


You had 2 spell levels left.
You didn't know any spells.
Your spell library was empty.

Dungeon Overview and Level Annotations

Branches:
Dungeon (2/15)

Altars:
Nemelex Xobeh


Innate Abilities, Weirdness & Mutations

Your body is rotting away.
You thrive on raw meat.
You are immune to poison.
You have sharp fingernails.
You are carnivorous and can eat meat at any time.
Your flesh is cold resistant. (rC+)
You are immune to negative energy. (rN+++)
You do not regenerate when monsters are visible.
You are immune to unholy pain and torment.
You can survive without breathing.


Message History

* * * LOW HITPOINT WARNING * * *
The jackal barely misses you.
You hit the jackal.
The jackal is severely wounded.
The jackal bites you.
* * * LOW HITPOINT WARNING * * *
The jackal misses you. x2
The jackal bites you but does no damage.
The jackal misses you.
You barely miss the jackal.
The jackal is severely wounded.
The jackal closely misses you. The jackal bites you.
* * * LOW HITPOINT WARNING * * *
The jackal barely misses you. x2
You barely miss the jackal.
The jackal is severely wounded.
The jackal barely misses you. The jackal bites you.
* * * LOW HITPOINT WARNING * * *
The jackal barely misses you. x2; The jackal bites you.
You die...

........##........# #...# #...[.
........##........###...####.....
........##................#######
........######..#.........#
........#######.#.........#
##########.........########
#.........##############
#.....hh................
###...).h@..##############
#...........# #.......#####
#.......# #.......# #.......#
#.......# #÷......#
########.......#


You could see 3 jackals.

Vanquished Creatures
  An adder (D:2)
  4 dart slugs (D:1)
  A leopard gecko (D:1)
  5 bats (D:1)
  A giant cockroach (D:1)
  2 goblins (D:1)
  4 hobgoblins (D:1)
  A jackal (D:1)
  A ball python (D:1)
  3 frilled lizards (D:1)
  6 kobolds (D:1)
  2 rats (D:1)
31 creatures vanquished.

Notes
Turn   | Place    | Note
-------+----------+-------------------------------------------
     0 | D:1      | Mithandil the Ghoul Monk began the quest for the Orb.
     0 | D:1      | Reached XP level 1. HP: 19/19 MP: 0/0
     6 | D:1      | Noticed a wyvern
     6 | D:1      | Noticed a hog
     6 | D:1      | Noticed a black mamba
   111 | D:1      | Reached XP level 2. HP: 17/26 MP: 1/1
   268 | D:1      | Reached XP level 3. HP: 31/31 MP: 2/2
   688 | D:2      | Found a sparkling altar of Nemelex Xobeh.
   710 | D:1      | Slain by a jackal

Skill      XL: |  1  2  3 |
---------------+----------+-----
Dodging        | 3 |  3.2
Stealth        | 3 |  3.0
Fighting       | |  3.8
Armour         | |  0.5
Unarmed Combat | |  3.6

Action                   || total
-------------------------++-------
Melee: Unarmed           ||    70
       Whip              ||    15
       Punch             ||     1
  Use: Scroll            ||     1
 Stab: Sleeping          ||     3
  Eat: Chunk             ||    11
Armor: Robe              ||     8
       Leather armour    ||    23
Dodge: Dodged            ||   103
